 Dungeon Crawl Stone Soup version 0.31-a0-846-gb3bcc0d938 (webtiles) character file.

Game seed: 16861575768622838073

338 subawu the Ruffian (level 6, -8/47 HPs)
             Began as a Gnoll Shapeshifter on Oct 2, 2023.
             Killed by divine providence
             ... invoked by an orc priest
              (12 damage)
             ... on level 4 of the Dungeon on Oct 3, 2023.
             The game lasted 00:10:03 (3185 turns).

subawu the Ruffian (Gnoll Shapeshifter)             Turns: 3185, Time: 00:10:06

Health: -8/47      AC:  8    Str: 14 (15) XL:     6   Next: 55%
Magic:  9/9        EV:  7    Int:  8 (10) God:
Gold:   131        SH:  0    Dex:  9 (11) Spells: 9/9 levels left

rFire   . .          .
                       - Unarmed
rCold   . . .        (no shield)
rNeg    . . .        e - +0 chain mail
rPois   .            (helmet currently unavailable)
rElec   .            l - melded +0 cloak
rCorr   .            (gloves currently unavailable)
SInv    .            k - melded +0 pair of boots
Will    .....        (no amulet) Stlth
                     (no ring)
HPRegen 0.27/turn    (no ring)
MPRegen 0.11/turn

%: no passive effects
@: beast-form
A: beast (slay +3), fangs 1, strong nose, distributed training
a: Begin Untransformation


You were on level 4 of the Dungeon.
You were a hulking beast.
You visited 1 branch of the dungeon, and saw 4 of its levels.

You collected 131 gold pieces.

Inventory:

Missiles
 h - 16 poisoned darts
 x - a throwing net
Armour
 a - a +0 animal skin
 e - a +0 chain mail (worn)
 k - a +0 pair of boots (melded)
 l - a +0 cloak (melded)
 v - an orb of guile
Jewellery
 s - an amulet of the acrobat
Talismans
 c - a beast talisman (active)
 d - a flux talisman
Wands
 i - a wand of mindburst (21)
Scrolls
 f - 6 scrolls of identify {unknown}
 g - a scroll of fog {unknown}
 p - 2 scrolls of noise {unknown}
 r - 2 scrolls of revelation {unknown}
 t - a scroll of enchant weapon {unknown}
 u - a scroll of immolation {unknown}
 w - a scroll of amnesia {unknown}
Potions
 b - 2 potions of lignification
 j - a potion of degeneration
 m - 2 potions of mutation {unknown}
 n - 2 potions of heal wounds {unknown}
 o - 4 potions of enlightenment {unknown}
 q - 4 potions of curing {unknown}
 z - a potion of berserk rage {unknown}


   Skills:
 + Level 3.3 Fighting
 + Level 2.0 Short Blades
 + Level 2.0 Long Blades
 + Level 2.0 Axes
 + Level 2.0 Maces & Flails
 + Level 2.0 Polearms
 + Level 2.0 Staves
 + Level 2.0 Ranged Weapons
 + Level 2.0 Throwing
 + Level 2.0 Armour
 + Level 5.0 Dodging
 + Level 2.0 Stealth
 + Level 2.0 Shields
 + Level 6.8 Unarmed Combat
 + Level 2.0 Spellcasting
 + Level 1.6 Conjurations
 + Level 1.6 Hexes
 + Level 1.6 Summonings
 + Level 1.6 Necromancy
 + Level 1.6 Translocations
 + Level 1.6 Transmutations
 + Level 1.6 Fire Magic
 + Level 1.6 Ice Magic
 + Level 1.6 Air Magic
 + Level 1.6 Earth Magic
 + Level 1.6 Poison Magic
 + Level 2.2 Invocations
 + Level 2.0 Evocations
 + Level 6.8 Shapeshifting


You had 9 spell levels left.
You didn't know any spells.
Your spell library contained the following spells:

 Spells                   Type           Power      Damage    Failure   Level
 Poisonous Vapours        Pois/Air       6%         N/A       99%         2
 Hailstorm                Conj/Ice       3%         3d3       100%        3
 Mephitic Cloud           Conj/Pois/Air  3%         N/A       100%        3
 Summon Ice Beast         Ice/Summ       3%         N/A       100%        4
 Vhi's Electric Charge    Tloc/Air       6%         N/A       100%        4
 Arcjolt                  Conj/Air       1%         1d11      100%        5
 Freezing Cloud           Conj/Ice/Air   1%         6-21      100%        5
 Simulacrum               Ice/Necr       1%         N/A       100%        6
 Maxwell's Capacitive Co  Air            1%         ∞         100%        8


Dungeon Overview and Level Annotations

Branches:
Dungeon (4/15)
 Temple: D:4-7

Altars:
Uskayaw
Vehumet


Innate Abilities, Weirdness & Mutations

You are a hulking beast.
Your limbs bulge with bestial killing power. (Slay +3)
You have very sharp teeth.
Your uncanny sense of smell can sniff out nearby items.
Your experience applies equally to all skills.


Message History

The orc attacks as it pursues you! The orc hits you with a +0 short sword.
You closely miss the orc.
The orc priest invokes the aid of Beogh against you.
Beogh smites you! The orc hits you but does no damage.
You barely miss the orc. Your bite misses the orc.
An orc priest comes into view. It is wielding a +0 war axe.
The orc closely misses you.
You barely miss the orc. You bite the orc.
The orc is severely wounded.
You punch the orc priest!
The orc priest is heavily wounded.
The orc priest hits you with a +0 hand axe.
The orc closely misses you.
You hit the orc.
You kill the orc!
The orc priest hits you but does no damage.
You barely miss the orc priest.
The orc priest is heavily wounded.
The orc priest mumbles some strange prayers to Beogh against you.
You barely resist.
The orc priest hits you but does no damage.
You closely miss the orc priest. Your bite misses the orc priest.
The orc priest is moderately wounded.
The orc priest hits you with a +0 war axe.
The orc priest hits you but does no damage.
You closely miss the orc priest. You bite the orc priest.
The orc priest is heavily wounded.
The orc priest invokes the aid of Beogh against you.
Beogh smites you!
* * * LOW HITPOINT WARNING * * *
The orc priest calls down the wrath of Beogh upon you.
Pain shoots through your body!
* * * LOW HITPOINT WARNING * * *
It was a potion of degeneration.
There was something very wrong with that liquid.
You feel weakened.
You feel dopey.
You feel clumsy.
The orc priest hits you but does no damage.
The orc priest invokes the aid of Beogh against you.
Beogh smites you!
You die...

#.....# #.# #.....#
#.#### #.....# #....#
##### #.....# #.##.###
#...# #.....# #)##...#
#...#
##.....#######.####.#
#...#
#.)....'............#
#...#
#......#######.######
#...#####.######h)..)..#
#...##....# #oo.....#
#...##'##### #......##
#..........# ####..##
#..........# ...##
...........# ..###
...........# ..?
...........# ..
..........##


You could see 2 orc priests.

Vanquished Creatures
  3 hounds (D:4)
  Natasha (thrice) (D:3)
  2 iguanas (D:4)
  5 adders
  3 worms
  A dart slug (D:2)
  6 orcs
  7 ball pythons
  6 endoplasms
  5 giant cockroaches
  4 goblins
  4 hobgoblins
  2 jackals (D:4)
  3 quokkas
  5 bats
  A frilled lizard (D:3)
  5 kobolds
  6 rats
71 creatures vanquished.

Notes
Turn   | Place    | Note
-------+----------+-------------------------------------------
     0 | D:1      | subawu the Gnoll Shapeshifter began the quest for the Orb.
     0 | D:1      | Reached XP level 1. HP: 17/17 MP: 1/1
   139 | D:1      | Reached XP level 2. HP: 21/23 MP: 2/2
   844 | D:2      | Reached XP level 3. HP: 28/28 MP: 3/3
   911 | D:2      | Found a radiant altar of Vehumet.
  1127 | D:2      | Reached skill level 1 in Invocations
  1281 | D:2      | Reached skill level 1 in Short Blades
  1281 | D:2      | Reached skill level 1 in Long Blades
  1281 | D:2      | Reached skill level 1 in Axes
  1281 | D:2      | Reached skill level 1 in Maces & Flails
  1281 | D:2      | Reached skill level 1 in Polearms
  1281 | D:2      | Reached skill level 1 in Staves
  1281 | D:2      | Reached skill level 1 in Ranged Weapons
  1281 | D:2      | Reached skill level 1 in Throwing
  1281 | D:2      | Reached skill level 1 in Armour
  1281 | D:2      | Reached skill level 1 in Stealth
  1281 | D:2      | Reached skill level 1 in Shields
  1281 | D:2      | Reached skill level 1 in Spellcasting
  1281 | D:2      | Reached skill level 1 in Evocations
  1372 | D:2      | Reached XP level 4. HP: 34/34 MP: 5/5
  1570 | D:3      | Noticed Natasha
  1578 | D:3      | Killed Natasha
  1579 | D:3      | Reached skill level 1 in Conjurations
  1579 | D:3      | Reached skill level 1 in Hexes
  1579 | D:3      | Reached skill level 1 in Summonings
  1579 | D:3      | Reached skill level 1 in Necromancy
  1579 | D:3      | Reached skill level 1 in Translocations
  1579 | D:3      | Reached skill level 1 in Transmutations
  1579 | D:3      | Reached skill level 1 in Fire Magic
  1579 | D:3      | Reached skill level 1 in Ice Magic
  1579 | D:3      | Reached skill level 1 in Air Magic
  1579 | D:3      | Reached skill level 1 in Earth Magic
  1579 | D:3      | Reached skill level 1 in Poison Magic
  1642 | D:3      | Found a faded altar of an unknown god.
  1651 | D:3      | Noticed Natasha
  1658 | D:3      | Killed Natasha
  1678 | D:3      | Noticed Natasha
  1686 | D:3      | Reached XP level 5. HP: 26/40 MP: 5/7
  1686 | D:3      | Killed Natasha
  1892 | D:3      | Found a hide-covered altar of Uskayaw.
  2041 | D:3      | Upgraded the game from 0.31-a0-845-g9abc20d24f to
                  | 0.31-a0-846-gb3bcc0d938
  2534 | D:4      | Reached XP level 6. HP: 35/47 MP: 8/8
  2661 | D:4      | Reached skill level 5 in Dodging
  3185 | D:4      | Killed from afar by an orc priest

Illustrated notes

Levels and vault maps discovered:
D:1:      lemuel_arrival_broad_hall, layout_basic,
          chequers_serial_rivers_micro_b
D:2:      layout_loops_cross, basic_altar, reono_crystal_passage,
          minmay_crystal_room, minmay_misc_feat_enclosed
D:3:      layout_loops_cross, eat_drink_and_be_merry_uskayaw,
          ebering_ecumenical_altar_sacrificial, uniq_natasha
D:4:      layout_basic

Skill      XL: |  1  2  3  4  5  6 |
---------------+-------------------+-----
Invocations    | 1 2 |  2.2
Short Blades   | 1 2 |  2.0
Long Blades    | 1 2 |  2.0
Axes           | 1 2 |  2.0
Maces & Flails | 1 2 |  2.0
Polearms       | 1 2 |  2.0
Staves         | 1 2 |  2.0
Ranged Weapons | 1 2 |  2.0
Throwing       | 1 2 |  2.0
Armour         | 1 2 |  2.0
Stealth        | 1 2 |  2.0
Shields        | 1 2 |  2.0
Spellcasting   | 1 2 |  2.0
Evocations     | 1 2 |  2.0
Conjurations   | 1 |  1.6
Hexes          | 1 |  1.6
Summonings     | 1 |  1.6
Necromancy     | 1 |  1.6
Translocations | 1 |  1.6
Transmutations | 1 |  1.6
Fire Magic     | 1 |  1.6
Ice Magic      | 1 |  1.6
Air Magic      | 1 |  1.6
Earth Magic    | 1 |  1.6
Poison Magic   | 1 |  1.6
Fighting       | 3 |  3.3
Dodging        | 5 |  5.0
Unarmed Combat | |  6.8
Shapeshifting  | |  6.8

Action                     |  1- 3 |  4- 6 || total
---------------------------+-------+-------++-------
  Melee: Unarmed           |    79 |   101 ||   180
         Bite              |     6 |     8 ||    14
         Punch             |     2 |     2 ||     4
    Use: Potion            |       |     1 ||     1
 Armour: Chain mail        |    97 |   108 ||   205
  Dodge: Dodged            |    37 |    45 ||    82
         Form:             |     1 |       ||     1
         Beast             |     1 |       ||     1

Table legend: (Time is in decaauts)
 A = Elapsed time spent in this place.
 B = Non-inter-level travel time spent in this place.
 C = Inter-level travel time spent in this place.
 D = Time resting spent in this place.
 E = Time spent auto-exploring this place.
 F = Levels seen in this place.
 G = Mean time per level.
                   A        B        C        D        E       F      G
               +--------+--------+--------+--------+--------+-----+--------+
         Total |   3161 |   3073 |     88 |    206 |   1518 |   4 |  790.2 |
       Dungeon |   3161 |   3073 |     88 |    206 |   1518 |   4 |  790.2 |
               +--------+--------+--------+--------+--------+-----+--------+

Top non-repeatable levels by time:
     D:4: 900 daAuts
     D:3: 787 daAuts
     D:1: 769 daAuts
     D:2: 705 daAuts
